 Dungeon Crawl Stone Soup version 0.31-a0-846-gb3bcc0d938 (webtiles) character file.

Game seed: 10619056863871313965

462 lunkers the Ruffian (level 7, -5/52 HPs)
             Began as a Meteoran Shapeshifter on Oct 3, 2023.
             Was an Initiate of Gozag.
             Slain by a gnoll
             ... wielding a +0 whip
             ... led by a gnoll bouda
              (8 damage)
             ... on level 4 of the Dungeon.
             The game lasted 00:03:30 (1754 turns).

lunkers the Ruffian (Meteoran Shapeshifter)         Turns: 1754, Time: 00:03:30

Health: -5/52      AC:  5    Str: 17    XL:     7   Next: 54%
Magic:  8/8        EV: 11    Int: 11    God:    Gozag
Gold:   407        SH:  5    Dex: 15    Spells: 6/6 levels left

rFire   . .          .
                       - Unarmed
rCold   . . .        (no shield)
rNeg    . . .        q - +0 ring mail
rPois   .            (helmet currently unavailable)
rElec   .            (cloak currently unavailable)
rCorr   .            (gloves currently unavailable)
SInv    .            (boots currently unavailable)
Will    .....        u - amulet of reflection
Stlth   +            (no ring)
HPRegen 0.28/turn    (no ring)
MPRegen 0.11/turn

%: reflection
@: beast-form, weakened, glowing
A: beast (slay +3), sense surroundings 1, otherworldly, glowing, explore regen
a: Begin Untransformation, Renounce Religion, Potion Petition, Call Merchant,
Bribe Branch


You were on level 4 of the Dungeon.
You worshipped Gozag.
Gozag was aware of your devotion.
You were a hulking beast.
You visited 1 branch of the dungeon, and saw 4 of its levels.

You collected 458 gold pieces.
You paid 51 gold pieces to Gozag.

Inventory:

Hand Weapons
 s - a +4 quarterstaff of chaos
Armour
 a - a +0 animal skin
 l - a +2 pair of boots
 n - a +0 helmet
 q - a +0 ring mail (worn)
 r - a +0 cloak
Jewellery
 o - the amulet of the Duchess {Acrobat Int+3}
   (You found it on level 2 of the Dungeon)

   [amulet of the acrobat]

   Acrobat:   It increases your evasion while moving and waiting.
   Int+3:     It affects your intelligence (+3).
 u - an amulet of reflection (around neck)
Talismans
 c - a beast talisman (active)
 d - a flux talisman
Wands
 p - a wand of flame (16)
Scrolls
 f - 3 scrolls of identify {unknown}
 g - a scroll of poison {unknown}
 i - 3 scrolls of teleportation {unknown}
 k - a scroll of immolation {unknown}
 t - a scroll of noise {unknown}
Potions
 e - 4 potions of curing {unknown}
 h - 2 potions of heal wounds {unknown}
 j - a potion of cancellation {unknown}
 m - a potion of berserk rage {unknown}


   Skills:
 - Level 1.1 Fighting
 - Level 2.1 Dodging
 * Level 7.9 Unarmed Combat
 + Level 5.8 Shapeshifting


You had 6 spell levels left.
You didn't know any spells.
Your spell library was empty.

Dungeon Overview and Level Annotations

Branches:
Dungeon (4/15) Zot: 664
 Temple: D:4-7

Altars:
Gozag
Qazlal
Xom
Yredelemnul


Innate Abilities, Weirdness & Mutations

You are a hulking beast.
Your limbs bulge with bestial killing power. (Slay +3)
You passively map a small area around you.
You are easily found by Zot.
You glow in the dark.
You regain HP and MP as you explore.


Message History

You hit the gnoll bouda but do no damage.
You punch the gnoll bouda.
The gnoll bouda is moderately wounded.
You barely miss the gnoll bouda.
The gnoll bouda is moderately wounded.
The gnoll is no longer moving quickly.
The gnoll bouda completely misses you.
An orc comes into view. It is wielding a +0 flail.
You barely miss the gnoll bouda.
The gnoll bouda is moderately wounded.
The orc shouts!
The orc priest mumbles some strange prayers to Beogh against you.
Beogh smites you!
* * * LOW HITPOINT WARNING * * *
The gnoll bouda barks out a call to the hunt!
The gnolls pick up the pace!
You hear an angry hiss.
You hit the gnoll bouda but do no damage.
The gnoll bouda is moderately wounded.
You block the gnoll bouda's attack.
You closely miss the gnoll bouda.
The gnoll bouda is moderately wounded.
The gnoll bouda barely misses you.
You punch the gnoll bouda! You punch the gnoll bouda.
You kill the gnoll bouda!
You completely miss the gnoll. The gnoll misses you.
You hit the gnoll.
The gnoll is heavily wounded.
The gnoll closely misses you.
You barely miss the gnoll.
The gnoll is heavily wounded.
The orc priest invokes the aid of Beogh against you.
Beogh smites you!
* * * LOW HITPOINT WARNING * * *
The gnoll hits you with a +0 whip.
* * * LOW HITPOINT WARNING * * *
You hit the gnoll.
The gnoll is almost dead.
The gnoll hits you with a +0 whip!
You die...
Your body crumbles into a pile of gold.

* ** * ### * ,, #.# ####
#h# #..# . ** #g### #..#
### ...* *
#go.###..#######..
,..$..####ooo.............♣
..o...g.......###.....♣♣..
..............# ####..♣.♣.
...###.......## #♣♣.♣♣. .**
###.....# ♣..... , ##...##
♣♣..._


You could see an orc priest, 2 gnolls and 3 orcs.

Vanquished Creatures
  Menkaure (D:4)
  An orc priest (D:4)
  Crazy Yiuf (D:3)
  A sleepcap (D:4)
  Natasha (D:3)
  A gnoll bouda (D:4)
  A scorpion zombie (D:4)
  2 orc wizards (D:4)
  A hound zombie (D:4)
  Robin (D:3)
  A gnoll (D:4)
  4 adders
  3 dart slugs
  7 orcs
  3 bats
  4 endoplasms
  2 giant cockroaches
  9 goblins
  7 hobgoblins
  5 kobolds
  A quokka (D:1)
  A ball python (D:1)
  2 frilled lizards
  5 rats
65 creatures vanquished.

Notes
Turn   | Place    | Note
-------+----------+-------------------------------------------
     0 | D:1      | lunkers the Meteoran Shapeshifter began the quest for the
                  | Orb.
     0 | D:1      | Reached XP level 1. HP: 16/16 MP: 2/2
   130 | D:1      | Reached XP level 2. HP: 23/23 MP: 3/3
   278 | D:1      | Reached skill level 4 in Unarmed Combat
   502 | D:1      | Glimpsed the power of Zot.
   552 | D:1      | Glimpsed the power of Zot.
   587 | D:2      | Reached XP level 3. HP: 28/28 MP: 4/4
   593 | D:2      | You fall into a shaft and drop 1 floor!
   596 | D:3      | Found an opulent altar of Gozag.
   627 | D:3      | Became a worshipper of Gozag Ym Sagoz the Greedy
   823 | D:3      | Found a shimmering altar of Xom.
   824 | D:3      | Noticed Robin
   850 | D:3      | Killed Robin
   851 | D:3      | Reached skill level 5 in Unarmed Combat
   851 | D:3      | Reached XP level 4. HP: 17/35 MP: 5/5
  1031 | D:3      | Noticed Natasha
  1039 | D:3      | Killed Natasha
  1040 | D:3      | Reached XP level 5. HP: 24/40 MP: 6/6
  1062 | D:2      | Identified the amulet of the Duchess {Acrobat Int+3}
  1315 | D:3      | Found a runed translucent door.
  1316 | D:3      | Noticed Crazy Yiuf
  1323 | D:3      | Killed Crazy Yiuf
  1324 | D:3      | Reached skill level 6 in Unarmed Combat
  1465 | D:4      | Found a stormy altar of Qazlal.
  1532 | D:4      | Reached XP level 6. HP: 47/47 MP: 7/7
  1602 | D:4      | Reached skill level 5 in Shapeshifting
  1683 | D:4      | Reached skill level 7 in Unarmed Combat
  1683 | D:4      | Found a basalt altar of Yredelemnul.
  1684 | D:4      | Noticed Menkaure
  1695 | D:4      | Killed Menkaure
  1696 | D:4      | Reached XP level 7. HP: 18/52 MP: 8/8
  1754 | D:4      | Slain by a gnoll

Illustrated notes

Levels and vault maps discovered:
D:1:      lemuel_arrival_cross, layout_basic
D:2:      layout_rooms, basic_altar
D:3:      layout_basic, mainiacjoe_overflow_paths,
          mainiacjoe_overflow_cross_hatched, kennysheep_nondescript,
          uniq_crazy_yiuf_cottage, uniq_robin, uniq_natasha
D:4:      layout_layer_cave, nicolae_yredelemnul_corpse_copse,
          grunt_qazlal_sundering, minmay_temple_entry_waves, uniq_menkaure

Skill      XL: |  1  2  3  4  5  6 |
---------------+-------------------+-----
Unarmed Combat | 4 5 6 7 |  7.9
Shapeshifting  | 4 5 |  5.8
Fighting       | |  1.1
Dodging        | |  2.1

Action                     |  1- 3 |  4- 6 |  7- 9 || total
---------------------------+-------+-------+-------++-------
  Melee: Unarmed           |    64 |   102 |    18 ||   184
         Punch             |     1 |     1 |     2 ||     4
    Use: Potion            |       |     1 |       ||     1
   Stab: Distracted        |       |     1 |       ||     1
 Armour: Animal skin       |    32 |     9 |       ||    41
         Ring mail         |       |    29 |     6 ||    35
         Skin              |       |    14 |       ||    14
  Dodge: Dodged            |    39 |    42 |     6 ||    87
  Block: Other             |       |     8 |     3 ||    11

Table legend: (Time is in decaauts)
 A = Elapsed time spent in this place.
 B = Non-inter-level travel time spent in this place.
 C = Inter-level travel time spent in this place.
 D = Time resting spent in this place.
 E = Time spent auto-exploring this place.
 F = Levels seen in this place.
 G = Mean time per level.
                   A        B        C        D        E       F      G
               +--------+--------+--------+--------+--------+-----+--------+
         Total |   1734 |   1617 |    117 |     32 |   1096 |   4 |  433.5 |
       Dungeon |   1734 |   1617 |    117 |     32 |   1096 |   4 |  433.5 |
               +--------+--------+--------+--------+--------+-----+--------+

Top non-repeatable levels by time:
     D:3: 578 daAuts
     D:1: 573 daAuts
     D:4: 371 daAuts
     D:2: 211 daAuts
